AoeStats
← killinserotonin

Oasis

509792250Analyzed
3v3 RM · 4d ago on Sep 28, 2026· 30m 55s· 6 players
Game mode
Random Map
Map size
Normal (6 player)
Population
200
Speed
Normal
Resources
Standard
Victory
Conquest
Starting age
Dark Age
Ending age
Imperial Age
RankedLock teamsTeams togetherTeam positionsShared explorationLock speedFull tech treeHidden civsTurbo modeCheats
Victory
Defeat
🇺🇾 Berbers · Uruguay
1126
+16
🇵🇪 Magyars · Peru
1087
+18
🇺🇸 Turks · United States
1057
+19
🇨🇱 Chinese · Chile
1187
-20
🇨🇱 Franks · Chile
1131
-18
🇨🇱 Japanese · Chile
1065
-15
Rabo
12:29 Feudal Age
16:36 Castle Age
16:45 Double-Bit Axe
20:46 Bow Saw
21:54 Bow Saw
22:17 Gold Mining
23:08 Wheelbarrow
23:15 Forging
23:11 Scale Barding Armor
24:47 Husbandry
29:04 Imperial Age
26:53 Forging
26:49 Scale Barding Armor
28:00 Masonry
28:04 Fortified Wall
29:20 Iron Casting
fack1u
0:29 Loom
10:03 Feudal Age
14:25 Double-Bit Axe
19:20 Castle Age
17:27 Horse Collar
18:49 Gold Mining
18:56 Stone Mining
25:49 Gold Shaft Mining
26:17 Bloodlines
26:07 Husbandry
28:14 Wheelbarrow
28:15 Bloodlines
28:06 Husbandry
28:15 Heavy Plow
29:25 Forging
29:22 Scale Barding Armor
31:12 Iron Casting
rodrericko
11:25 Feudal Age
15:43 Castle Age
15:35 Horse Collar
16:35 Double-Bit Axe
19:18 Heavy Plow
20:23 Loom
22:10 Town Watch
23:10 Wheelbarrow
24:49 Hand Cart
25:37 Man-at-Arms
26:28 Scale Mail Armor
26:56 Long Swordsman
27:53 Forging
28:23 Chain Mail Armor
28:19 Gambesons
28:35 Squires
28:21 Arson
29:43 Iron Casting
32:56 Imperial Age
30:30 Fletching
30:41 Padded Archer Armor
31:05 Bow Saw
30:51 Gold Mining
killinserotonin
13:25 Feudal Age
14:17 Double-Bit Axe
15:49 Horse Collar
18:36 Castle Age
18:45 Gold Mining
23:42 Imperial Age
21:53 Heavy Plow
22:17 Bow Saw
22:17 Loom
23:43 Padded Archer Armor
26:46 Wheelbarrow
28:55 Leather Archer Armor
30:39 Heavy Plow
Haku...!!!
5:31 Loom
10:35 Feudal Age
16:03 Castle Age
15:40 Double-Bit Axe
18:47 Bow Saw
26:22 Horse Collar
28:32 Scale Barding Armor
28:20 Gold Mining
29:08 Wheelbarrow
30:26 Heavy Plow
Moe
12:33 Feudal Age
12:14 Loom
17:43 Castle Age
15:38 Double-Bit Axe
15:37 Horse Collar
16:19 Scale Barding Armor
16:39 Gold Mining
18:32 Bloodlines
19:02 Wheelbarrow
18:13 Town Watch
19:36 Husbandry
27:43 Hand Cart
30:22 Forging
Connection lost

Rejoining the realm…

Still unreachable

The connection could not be restored.

Session expired

The server has moved on; the page needs a fresh start.